 Dungeon Crawl Stone Soup version 0.30-a0-591-g3c58d2bc28 (webtiles) character file.

Game seed: 13472786435357068340

9373 Citaku the Protected (level 11, -4/97 HPs)
             Began as a Minotaur Fighter on Jan 6, 2023.
             Was a Believer of Wu Jian.
             Slain by an enormous slime creature (75 damage)
             ... on level 10 of the Dungeon.
             The game lasted 00:16:17 (8980 turns).

Citaku the Protected (Minotaur Fighter)             Turns: 8980, Time: 00:16:17

Health: -4/97      AC: 19    Str: 29    XL:     11   Next: 22%
Magic:  0/10       EV: 10    Int: 12    God:    Wu Jian [**....]
Gold:   470        SH:  0    Dex: 11    Spells: 10/10 levels left

rFire   . . .      SeeInvis .    H - +4 battleaxe (vamp)
rCold   + + .      Faith    .    (shield currently unavailable)
rNeg    . . .      Spirit   +    i - +6 ring mail of the Other World {Harm rPois rCorr}
rPois   +          Reflect  .    (helmet restricted)
rElec   .          Harm     +    q - scarf {repulsion}
rCorr   +          Rampage  .    g - +2 pair of gloves of Xilari Moe {rC++ Str+4}
Will    .....                    E - +0 pair of boots
Stlth   +                        d - amulet of guardian spirit
HPRegen 0.36/turn                j - +6 ring of intelligence
MPRegen 0.12/turn                (no ring)

@: repel missiles
A: horns 2, retaliatory headbutt, strong 1, MP-powered wands
a: Renounce Religion, Wall Jump


You were on level 10 of the Dungeon.
You worshipped Wu Jian.
Wu Jian was pleased with you.
You visited 2 branches of the dungeon, and saw 11 of its levels.
You also visited: Sewer.

You collected 525 gold pieces.
You spent 55 gold pieces at shops.

Inventory:

Hand Weapons
 H - a +4 vampiric battleaxe (weapon)
Armour
 g - the +2 pair of gloves of Xilari Moe (worn) {rC++ Str+4}
   (You found it on level 2 of the Dungeon)

   Str:       It affects your strength (+4).
   rC:        It greatly protects you from cold.
 i - the +6 ring mail of the Other World (worn) {Harm rPois rCorr}
   (You found it on level 8 of the Dungeon)

   rPois:     It protects you from poison.
   rCorr:     It protects you from acid and corrosion.
   Harm:      It increases damage dealt and taken.
 q - a scarf of repulsion (worn)
 E - a +0 pair of boots (worn)
Jewellery
 d - an amulet of guardian spirit (around neck)
 j - a +6 ring of intelligence (left hand)
Wands
 b - a wand of paralysis (4)
 c - a wand of polymorph (12)
 z - a wand of flame (61)
Scrolls
 a - 4 scrolls of identify
 k - a scroll of magic mapping
 l - a scroll of fear
 n - 2 scrolls of fog
 r - 2 scrolls of amnesia
 t - 2 scrolls of immolation
 v - 2 scrolls of enchant armour
 y - 3 scrolls of teleportation
 B - 4 scrolls of poison
Potions
 e - 4 potions of curing
 h - a potion of invisibility
 o - 3 potions of attraction
 p - a potion of mutation
 w - 2 potions of heal wounds
 x - 2 potions of lignification


   Skills:
 + Level 9.4 Fighting
 * Level 12.3 Axes
 * Level 12.7 Armour
 + Level 9.4 Shields


You had 10 spell levels left.
You didn't know any spells.
Your spell library contained the following spells:

 Spells                   Type           Power      Damage    Failure   Level
 Freeze                   Ice            0%         1d3       41%         1
 Kiss of Death            Conj/Necr      0%         2d5       41%         1
 Summon Small Mammal      Summ           0%         N/A       41%         1
 Confusing Touch          Hex            0%         N/A       78%         3
 Frozen Ramparts          Ice            0%         1d1       78%         3
 Gell's Gravitas          Tloc           0%         N/A       78%         3
 Hailstorm                Conj/Ice       0%         3d3       78%         3
 Lesser Beckoning         Tloc           0%         N/A       78%         3
 Teleport Other           Tloc           0%         N/A       78%         3
 Dispel Undead            Necr           0%         3d6       99%         4


Dungeon Overview and Level Annotations

Branches:
Dungeon (10/15)            Temple (1/1) D:6             Orc (0/2) D:9
  Sewer (visited)
   Lair: D:8-11

Altars:
Ashenzari
Cheibriados
Dithmenos
Elyvilon
Fedhas
Gozag
Hepliaklqana
Kikubaaqudgha
Makhleb
Nemelex Xobeh
Okawaru
Qazlal
Sif Muna
Trog
Uskayaw
Vehumet
Wu Jian
Xom
Yredelemnul
Zin
The Shining One

Shops:
D:4 =!


Innate Abilities, Weirdness & Mutations

You have a pair of horns on your head.
You reflexively headbutt those who attack you in melee.
Your muscles are strong. (Str +4, Int/Dex -1)
You expend magic power (3 MP) to strengthen your wands.


Message History

The killer bee stings you but does no damage.
You slice the killer bee!!
You feel better.
You kill the killer bee!
The Council accepts your kill.
You slash the very large slime creature!
You feel better.
Two slime creatures merge to form an enormous slime creature.
The acid dragon spits acid at you. The splash of acid hits you. You resist.
The enormous slime creature hits you!!
You slice the acid dragon!!
You feel better.
The acid dragon is almost dead.
You slice the enormous slime creature!! The acid dragon barely misses you.
The acid dragon claws you. The enormous slime creature hits you.
You slice the acid dragon!!
You feel better.
You kill the acid dragon!
The Council accepts your kill.
The acid dragon scales are intact enough to wear.
You slice the enormous slime creature!!
The centaur wields a +0 shortbow.
The centaur shoots an arrow.
The arrow barely misses you.
The arrow completely misses your butterfly.
The enormous slime creature barely misses you.
You furiously retaliate!
You headbutt the enormous slime creature!
You hit the centaur.
The centaur is moderately wounded.
You hit the enormous slime creature.
You feel better.
Your butterfly disappears in a burst of colours! x2
The centaur unwields a +0 shortbow.
The centaur misses you.
The centaur kicks you but does no damage.
The enormous slime creature hits you but does no damage.
You hit the centaur.
The centaur is heavily wounded.
You hit the enormous slime creature.
You feel better. The centaur barely misses you. You furiously retaliate!
You headbutt the centaur!
You kill the centaur!
The Council accepts your kill. The enormous slime creature hits you!!!
Ouch! That really hurt!
You die...

##################
#).†bbbb...b...b..
#.###############.
#@# #. #DJ....(.
#. #....$...
..#####. .........
........ #........
..#####. ........!
.#####. #..#+####
....... #..#
######## .......<


You could see an enormous slime creature and an acid dragon.

Vanquished Creatures
  A boulder beetle (D:9)
  5 two-headed ogres
  A hornet (D:9)
  Grinder (D:5)
  2 slime creatures (D:10)
  Sigmund (D:2)
  2 wyverns (D:7)
  3 yaks (D:9)
  2 steam dragons
  3 acid dragons
  A water moccasin (D:8)
  2 sky beasts
  An ice beast (D:7)
  3 orc warriors
  2 black bears (D:6)
  3 centaurs
  2 kobold brigands (D:9)
  2 bullfrogs
  7 scorpions
  3 gnoll sergeants
  13 wights
  4 killer bees (D:10)
  A howler monkey (D:6)
  3 hounds
  A jelly (D:5)
  Crazy Yiuf (D:3)
  4 orc priests
  4 iguanas
  6 orc wizards
  9 gnolls
  12 adders
  7 river rats
  A shadow imp (D:6)
  A worm (D:4)
  2 dart slugs
  40 orcs
  3 bats
  9 endoplasms
  3 giant cockroaches
  8 goblins
  6 hobgoblins
  7 jackals
  19 kobolds
  5 quokkas
  8 ball pythons
  6 frilled lizards
  13 rats
  2 bushes (D:1)
245 creatures vanquished.

Vanquished Creatures (others)
  A quokka (D:9)
  2 fungi (D:3)
  13 plants
16 creatures vanquished.

Grand Total: 261 creatures vanquished

Notes
Turn   | Place    | Note
-------+----------+-------------------------------------------
     0 | D:1      | Citaku the Minotaur Fighter began the quest for the Orb.
     0 | D:1      | Reached XP level 1. HP: 19/19 MP: 0/0
   142 | D:1      | Reached XP level 2. HP: 27/27 MP: 1/1
   896 | D:2      | Identified the +2 pair of gloves of Xilari Moe {rC++ Str+4}
   912 | D:2      | Noticed Sigmund
   917 | D:2      | Killed Sigmund
   918 | D:2      | Reached skill level 5 in Armour
   918 | D:2      | Reached XP level 3. HP: 34/34 MP: 2/2
   918 | D:2      | Reached XP level 4. HP: 41/41 MP: 3/3
   918 | D:2      | Reached XP level 5. HP: 47/47 MP: 4/4
  1685 | D:3      | Found a faded altar of an unknown god.
  1691 | D:3      | Got Plato's Elucidation of the Retinue
  1706 | D:3      | Found a hide-covered altar of Uskayaw.
  1828 | D:3      | Reached XP level 6. HP: 53/53 MP: 5/5
  2056 | D:3      | Found a snail-covered altar of Cheibriados.
  2276 | D:3      | Found a runed translucent door.
  2277 | D:3      | Noticed Crazy Yiuf
  2285 | D:3      | Killed Crazy Yiuf
  2465 | D:4      | Reached skill level 5 in Axes
  2465 | D:4      | Reached skill level 5 in Shields
  2642 | D:4      | Reached skill level 5 in Fighting
  2642 | D:4      | Found Qexul's Jewellery Shop.
  2810 | D:4      | Reached XP level 7. HP: 61/61 MP: 6/6
  2828 | D:4      | Found Moguoh's Distillery.
  2838 | D:4      | Bought a potion of heal wounds for 55 gold pieces
  3114 | D:5      | Entered Level 5 of the Dungeon
  3114 | D:5      | Found a shimmering altar of Xom.
  3123 | D:5      | Noticed Grinder
  3124 | D:5      | Paralysed by Grinder for 3 turns
  3148 | D:5      | Killed Grinder
  3515 | D:5      | Found a glowing drain.
  3524 | Sewer    | Entered a sewer
  3565 | Sewer    | Reached XP level 8. HP: 67/70 MP: 7/7
  4017 | D:5      | Found a sparkling altar of Nemelex Xobeh.
  4017 | D:5      | Found a glowing silver altar of Zin.
  4064 | D:5      | Found a hazy altar of Hepliaklqana.
  4494 | D:6      | Found a staircase to the Ecumenical Temple.
  4503 | Temple   | Entered the Ecumenical Temple
  4587 | Temple   | Became a worshipper of the Wu Jian Council
  4967 | D:6      | Found a shimmering blue altar of Sif Muna.
  5334 | D:6      | Found a basalt altar of Yredelemnul.
  5636 | D:7      | Reached XP level 9. HP: 48/78 MP: 3/8
  5735 | D:7      | Noticed a two-headed ogre
  5751 | D:7      | Killed a two-headed ogre
  5884 | D:7      | Reached * piety under Wu Jian
  5885 | D:7      | Reached skill level 10 in Armour
  6218 | D:7      | Found an opulent altar of Gozag.
  6326 | D:7      | Reached skill level 10 in Axes
  6708 | D:8      | Reached XP level 10. HP: 76/88 MP: 9/9
  7008 | D:8      | Gained mutation: You expend magic power (3 MP) to
                  | strengthen your wands. [potion of mutation]
  7008 | D:8      | Gained mutation: Your muscles are strong. (Str +4, Int/Dex
                  | -1) [potion of mutation]
  7186 | D:8      | Noticed a two-headed ogre
  7188 | D:8      | Noticed a two-headed ogre
  7190 | D:8      | Killed a two-headed ogre
  7194 | D:8      | Killed a two-headed ogre
  7418 | D:8      | Noticed a two-headed ogre
  7422 | D:8      | Killed a two-headed ogre
  7423 | D:8      | Found a flagged portal.
  7561 | D:8      | Identified the +6 ring mail of the Other World {Harm rPois
                  | rCorr}
  7784 | D:8      | Found a glowing golden altar of the Shining One.
  7873 | D:9      | Noticed a boulder beetle
  7879 | D:9      | Killed a boulder beetle
  7879 | D:9      | Reached ** piety under Wu Jian
  8307 | D:9      | Reached XP level 11. HP: 87/97 MP: 8/10
  8430 | D:9      | Noticed a two-headed ogre
  8435 | D:9      | Killed a two-headed ogre
  8513 | D:9      | Found an ancient bone altar of Kikubaaqudgha.
  8529 | D:9      | Found a staircase to the Orcish Mines.
  8788 | D:9      | Found a white marble altar of Elyvilon.
  8922 | D:10     | Entered Level 10 of the Dungeon
  8980 | D:10     | Slain by an enormous slime creature

Illustrated notes

Levels and vault maps discovered:
D:1:      dpeg_arrival_arbitrary_b, layout_loops_ring, lexackson_kobold_supper
D:2:      layout_basic, uniq_sigmund
D:3:      layout_loops_ring, old_standard_altar, nicolae_uskayaw_dance_hall,
          shapermc_ecumenical_altar_rom_forum, minmay_puff,
          uniq_crazy_yiuf_cottage
D:4:      minmay_angry_zag, layout_cave_pools, serial_shops, nicolae_shop_trees,
          shop, serial_bayou_crossing
D:5:      layout_rooms, kennysheep_mini_moat, brannock_xom_greatest_gift,
          nicolae_overflow_two_pavilions, portal_sewer_entry_e,
          nicolae_figureground_sparkle, uniq_grinder
D:6:      layout_basic, mainiacjoe_overflow_tiny_flanked, led_sif_book,
          minmay_temple_entry_mist, st_stairs_1
D:7:      layout_rooms, nicolae_gozag_cash_rules_everything_around_me
D:8:      layout_rooms, lemuel_coloured_pillars_altar, enter_bailey_2
D:9:      minmay_weird_star, layout_irregular_city, elyvilon_altar_4,
          lemuel_round_altar, orc_0_dummy
D:10:     layout_basic, lemuel_doored_altar, serial_nicolae_subway,
          nicolae_sub_station_stone, nicolae_sub_station_crystal,
          nicolae_sub_station_metal, uniq_psyche, uniq_snorg
Temple:   compressed_dpeg_triangle_lava_temple

Skill      XL: |  1  2  3  4  5  6  7  8  9 10 11 |
---------------+----------------------------------+-----
Armour         | 5 6 7 9 10 12 | 12.7
Axes           | 4 5 6 8 10 11 12 | 12.3
Shields        | 4 5 6 7 9 |  9.4
Fighting       | 4 5 6 7 9 |  9.4

Action                   |  1- 3 |  4- 6 |  7- 9 | 10-12 || total
-------------------------+-------+-------+-------+-------++-------
Melee: War axe           |   131 |   112 |   209 |       ||   452
       Headbutt          |    45 |    12 |    37 |    23 ||   117
       Morningstar       |       |       |    65 |    21 ||    86
       Battleaxe         |       |       |       |    92 ||    92
Invok: Lunge             |       |       |    13 |    13 ||    26
       Whirlwind         |       |       |     7 |    16 ||    23
  Use: Scroll            |     2 |       |     9 |     4 ||    15
       Potion            |     1 |       |     3 |     8 ||    12
Armor: Scale mail        |    18 |    69 |   139 |    12 ||   238
       Ring mail         |       |       |       |    48 ||    48
Dodge: Dodged            |    14 |    71 |   107 |    65 ||   257
       Repelled          |       |     1 |     1 |     4 ||     6
Block: Buckler           |     9 |    34 |    53 |       ||    96
       Kite shield       |       |       |    71 |    18 ||    89

Table legend: (Time is in decaauts)
 A = Elapsed time spent in this place.
 B = Non-inter-level travel time spent in this place.
 C = Inter-level travel time spent in this place.
 D = Time resting spent in this place.
 E = Time spent auto-exploring this place.
 F = Levels seen in this place.
 G = Mean time per level.
                   A        B        C        D        E       F      G
               +--------+--------+--------+--------+--------+-----+--------+
         Total |   9197 |   9197 |      0 |    553 |   6015 |  12 |  766.4 |
       Dungeon |   8581 |   8581 |      0 |    553 |   5618 |  10 |  858.1 |
        Temple |    134 |    134 |      0 |      0 |    105 |   1 |  134.0 |
         Sewer |    480 |    480 |      0 |      0 |    292 |   1 |  480.0 |
               +--------+--------+--------+--------+--------+-----+--------+

Top non-repeatable levels by time:
     D:6: 1234 daAuts
     D:8: 1139 daAuts
     D:7: 1101 daAuts
     D:9: 1097 daAuts
     D:1: 938 daAuts
     D:3: 916 daAuts
     D:5: 748 daAuts
     D:4: 746 daAuts
     D:2: 600 daAuts
   Sewer: 480 daAuts
  Temple: 134 daAuts
    D:10: 58 daAuts
